 Dungeon Crawl Stone Soup version 0.29-a0-732-g3d7fbe0af2 (webtiles) character file.

Game seed: 14540585932443630705

95 gobodom the Chopper (level 4, 0/35 HPs)
             Began as a Demonspawn Chaos Knight on June 29, 2022.
             Was a Plaything of Xom.
             Slain by Crazy Yiuf
             ... wielding a +4 quarterstaff of chaos
              (5 damage)
             ... while paralysed by you
             ... on level 2 of the Dungeon.
             The game lasted 00:05:57 (1514 turns).

gobodom the Chopper (Demonspawn Chaos Knight)       Turns: 1514, Time: 00:05:58

Health: 0/35       AC:  5    Str: 15    XL:     4   Next: 39%
Magic:  4/4        EV:  2    Int: 13    God:    Xom [...*..]
Gold:   97         SH:  0    Dex: 12    Spells: 3/3 levels left

rFire   . . .      SeeInvis .   k - +7 hand axe of Arrival {flame, rCorr}
rCold   . . .      Faith    .   (no shield)
rNeg    . . .      Spirit   .   b - +2 leather armour
rPois   .          Reflect  .   (no helmet)
rElec   .          Harm     .   (no cloak)
rCorr   +          Rampage  .   (no gloves)
Will    .....                   (no boots)
Stlth   +.........              (no amulet)
HPRegen 0.11/turn               (no ring)
MPRegen 0.09/turn               (no ring)

@: paralysed, lethally poisoned (0 -> -8)
A: spiny 1
a: Renounce Religion


You were on level 2 of the Dungeon.
You worshipped Xom.
You were a favourite toy of Xom.
You visited 1 branch of the dungeon, and saw 2 of its levels.

You collected 97 gold pieces.

Inventory:

Hand Weapons
 a - a +0 hand axe of chaos
 k - the +7 hand axe of Arrival (weapon) {flame, rCorr}
   (You found it on level 2 of the Dungeon)

   It burns those it strikes, dealing additional fire damage.
   Big, fiery blades are also staple armaments of hydra-hunters.
   rCorr:     It protects you from acid and corrosion.
Missiles
 m - 8 poisoned darts
 n - 4 silver boomerangs
 r - 2 throwing nets
Armour
 b - a +2 leather armour (worn)
Magical Staves
 s - a staff of conjuration
Jewellery
 q - a ring of ice
Scrolls
 d - a scroll of noise {unknown}
 e - 3 scrolls of teleportation {unknown}
 g - 4 scrolls of identify {unknown}
 h - a scroll of vulnerability {unknown}
 i - a scroll of fog {unknown}
 j - 2 scrolls of immolation {unknown}
Potions
 f - a potion of mutation {unknown}
 l - a potion of resistance {unknown}
 o - a potion of lignification {unknown}
 p - a potion of curing {unknown}
Miscellaneous
 c - a piece from Xom's chessboard (15/15) (quivered)


   Skills:
 + Level 3.2 Fighting
 + Level 3.8 Axes
 + Level 2.3 Armour
 + Level 1.2 Dodging
 * Level 1.5 Evocations


You had 3 spell levels left.
You didn't know any spells.
Your spell library contained the following spells:

 Spells                   Type           Power      Damage    Failure   Level
 Ozocubu's Armour         Ice            0%         N/A       75%         3
 Ozocubu's Refrigeration  Ice            0%         4d5       100%        7


Dungeon Overview and Level Annotations

Branches:
Dungeon (2/15)

Altars:

Annotations:
D:2 Crazy Yiuf


Innate Abilities, Weirdness & Mutations

You are partially covered in sharp spines.


Message History

There is an open gate here.
An adder comes into view.
The adder hisses angrily.
The adder bites you.
You closely miss the adder. The adder is struck by your spines.
The adder bites you.
You hit the adder. You burn the adder.
The adder is almost dead.
The adder is struck by your spines.
You kill the adder!
Found a hammer.
Found a runed translucent door.
Crazy Yiuf shouts!
Crazy Yiuf says, "Everyone has the same god; only people differ."
There is an open gate here.
There is an open gate here.
Xom complains about the scenery.
Two doors slam shut!
Crazy Yiuf heaves a sigh in contemplation.
You open the door. You slash Crazy Yiuf! You burn Crazy Yiuf.
Crazy Yiuf is heavily wounded.
Crazy Yiuf closely misses you.
Crazy Yiuf hits you with a +4 quarterstaff of chaos!
You are poisoned.
You barely miss Crazy Yiuf.
Crazy Yiuf is heavily wounded.
You feel very sick. "Heh heh heh..."
Crazy Yiuf looks rather confused.
You feel very sick.
Crazy Yiuf scratches his head thoughtfully.
Crazy Yiuf hits you with a +4 quarterstaff of chaos!
* * * LOW HITPOINT WARNING * * *
You emit a cloud of colourful smoke!
You suddenly lose the ability to move!
* * * LOW HITPOINT WARNING * * *
You feel sick.
Crazy Yiuf hits you with a +4 quarterstaff of chaos.
You die...
Xom cackles wildly!

#.# #....# #.#
♣....♣ #.#
♣♣...♣ #.#
♣♣.♣♣ #.# ♣♣.♣
#.# ♣.♣♣
##########.#
♣♣.♣
...........#
♣§♣♣
############
#@# ≈≈## #§§g#
#≈≈## #...#
.#≈≈## #)..#
..#≈≈## #####
.#.#≈≈##
#...#≈§## ####
.#.#.#§≈# #..#
..#...#≈####.##


You could see Crazy Yiuf (confused).

Vanquished Creatures
  2 adders (D:2)
  3 gnolls (D:2)
  A dart slug (D:2)
  2 ball pythons
  A giant cockroach (D:1)
  5 hobgoblins
  4 jackals (D:2)
  10 kobolds
  4 quokkas
  3 bats
  2 frilled lizards
  4 goblins
  3 rats (D:1)
44 creatures vanquished.

Notes
Turn   | Place    | Note
-------+----------+-------------------------------------------
     0 | D:1      | gobodom the Demonspawn Chaos Knight began the quest for the
                  | Orb.
     0 | D:1      | Reached XP level 1. HP: 18/18 MP: 1/1
   125 | D:1      | XOM: confusion (+ monsters)
   126 | D:1      | XOM: chaos upgrade
   136 | D:1      | Gained mutation: You are partially covered in sharp spines.
                  | [demonic ancestry]
   136 | D:1      | Reached XP level 2. HP: 16/24 MP: 2/2
   384 | D:1      | Reached skill level 1 in Evocations
   749 | D:1      | Found a faded altar of an unknown god.
   780 | D:2      | Reached XP level 3. HP: 29/29 MP: 3/3
   780 | D:2      | Identified the +7 hand axe of Arrival {flame, rCorr}
   950 | D:2      | Reached skill level 1 in Dodging
  1012 | D:2      | XOM: cast spell 'Summon Small Mammal'
  1116 | D:2      | XOM: confuse monster(s)
  1124 | D:2      | Reached XP level 4. HP: 31/35 MP: 4/4
  1428 | D:2      | Found a runed translucent door.
  1429 | D:2      | Noticed Crazy Yiuf
  1484 | D:2      | XOM: scenery: 2 doors close
  1512 | D:2      | XOM: confuse monster(s)
  1513 | D:2      | XOM: smoke on damage
  1513 | D:2      | Paralysed by you for 4 turns
  1514 | D:2      | Slain by Crazy Yiuf

Illustrated notes

Levels and vault maps discovered:
D:1:      minmay_arrival_solitary_statue, layout_rooms,
          shapermc_ecumenical_altar_hornbeckon, serial_glass, glass_columns_b,
          glass_columns_a, glass_columns_c, glass_columns_a, item_on_display_a,
          due_unseen_surprise
D:2:      layout_rooms, kennysheep_cluttered_room, minmay_misc_feat_cross,
          kennysheep_pointless_box, uniq_crazy_yiuf_cottage

Skill      XL: |  1  2  3 |
---------------+----------+-----
Axes           | 3 |  3.8
Armour         | 2 |  2.3
Evocations     | 1 |  1.5
Dodging        | 1 |  1.2
Fighting       | |  3.2

Action                   |  1- 3 |  4- 6 || total
-------------------------+-------+-------++-------
Melee: Hand axe          |    68 |     8 ||    76
Evoke: Piece from Xom's  |     2 |       ||     2
 Stab: Paralysed         |     1 |       ||     1
       Confused          |     1 |     2 ||     3
Armor: Leather armour    |    24 |       ||    24
Dodge: Dodged            |    57 |     1 ||    58

Table legend: (Time is in decaauts)
 A = Elapsed time spent in this place.
 B = Non-inter-level travel time spent in this place.
 C = Inter-level travel time spent in this place.
 D = Time resting spent in this place.
 E = Time spent auto-exploring this place.
 F = Levels seen in this place.
 G = Mean time per level.
                   A        B        C        D        E       F      G
               +--------+--------+--------+--------+--------+-----+--------+
         Total |   1528 |   1500 |     28 |    216 |    965 |   2 |  764.0 |
       Dungeon |   1528 |   1500 |     28 |    216 |    965 |   2 |  764.0 |
               +--------+--------+--------+--------+--------+-----+--------+

Top non-repeatable levels by time:
     D:1: 789 daAuts
     D:2: 738 daAuts
